 Dungeon Crawl Stone Soup version 0.23-a0-175-g97aacdb (webtiles) character file.

978 Gildeon the Cleaver (level 7, -4/61 HPs)
             Began as a Minotaur Fighter on Sept 16, 2018.
             Was an Initiate of Trog.
             Slain by an orc warrior
             ... wielding a +0 trident
              (11 damage)
             ... on level 6 of the Dungeon.
             The game lasted 00:11:45 (4397 turns).

Gildeon the Cleaver (Minotaur Fighter)              Turns: 4397, Time: 00:11:47

Health: -4/61      AC: 13    Str: 22      XL:     7   Next: 95%
Magic:  7/7        EV:  9    Int:  5      God:    Trog [......]
Gold:   192        SH:  0    Dex:  8 (10) Spells: 6/6 levels left

rFire    . . .     SeeInvis .   a - +0 war axe
rCold    . . .     Gourm    .   (no shield)
rNeg     . . .     Faith    .   o - +0 chain mail
rPois    .         Spirit   .   (helmet restricted)
rElec    .         Reflect  .   n - +2 cloak
rCorr    .         Harm     .   (no gloves)
MR       .....                  (no boots)
Stlth    ..........             s - amulet of regeneration
HPRegen  0.60/turn              j - ring of flight
MPRegen  0.10/turn              (no ring)

@: no status effects
A: retaliatory headbutt, horns 2
a: Renounce Religion, Evoke Flight


You were on level 6 of the Dungeon.
You worshipped Trog.
Trog was noncommittal.
You were not hungry.

You visited 1 branch of the dungeon, and saw 6 of its levels.
You also visited: Sewer.

You collected 192 gold pieces.

Inventory:

Hand Weapons
 a - a +0 war axe (weapon)
 i - a +0 flail
 w - a +2 flail of venom
Armour
 n - a +2 cloak (worn)
 o - a +0 chain mail (worn)
Jewellery
 j - a ring of flight (left hand)
 s - an amulet of regeneration (around neck)
Scrolls
 c - 2 scrolls of teleportation
 e - a scroll of random uselessness {unknown}
 m - 3 scrolls of remove curse
 r - 2 scrolls of immolation {unknown}
Potions
 d - 2 potions of might
 h - a potion of invisibility
 k - a potion of heal wounds
 l - 2 potions of mutation
 p - 3 potions of curing {unknown}
 q - a potion of degeneration {unknown}
Comestibles
 f - 9 rations


   Skills:
 - Level 5.0 Fighting
 * Level 8.0 Axes
 - Level 5.0 Armour
 + Level 4.6 Dodging
   Level 3.6 Shields
 + Level 1.8 Evocations


You had 6 spell levels left.
You didn't know any spells.
Your spell library was empty.

Dungeon Overview and Level Annotations

Branches:
Dungeon (6/15)             Temple (0/1) D:5

Altars:
Dithmenos
Elyvilon
Hepliaklqana
Makhleb
Okawaru
Trog
Uskayaw


Innate Abilities, Weirdness & Mutations

You reflexively headbutt those who attack you in melee.
You have a pair of horns on your head.


Message History

You hit the orc warrior. Your headbutt misses the orc warrior.
The orc warrior is lightly wounded.
The orc warrior hits you with a trident.
You hit the orc warrior but do no damage.
The orc warrior is lightly wounded.
The orc warrior closely misses you.
You closely miss the orc warrior. Your headbutt misses the orc warrior.
The orc warrior is lightly wounded.
The orc warrior hits you with a trident.
* * * LOW HITPOINT WARNING * * *
You closely miss the orc warrior.
The orc warrior is lightly wounded.
The orc warrior hits you but does no damage.
The orc warrior hits you from afar with a trident!
* * * LOW HITPOINT WARNING * * *
The orc priest miscasts a cantrip.
There is a stone staircase leading up here.
You see here an uncursed ring of teleportation.
The orc warrior hits you from afar with a trident!
You die...

.. #.####
#....# #....
####
#...##.@#
#...#...#
+#...#o.##
#....o###
.......o....#
.....8......#
............#
###.....#####
+#.).#+


You could see an orc warrior and 2 orc priests.

Vanquished Creatures
  Menkaure (D:4)
  A centaur (D:5)
  A crocodile (Sewer)
  2 scorpions
  2 crimson imps (D:5)
  A quasit (D:5)
  An orc priest (D:4)
  2 orc wizards (D:3)
  A hound (D:4)
  Crazy Yiuf (D:4)
  A bullfrog skeleton (D:6)
  A centaur skeleton (D:4)
  An iguana (D:4)
  3 worker ants
  A hound skeleton (D:3)
  4 gnolls (D:3)
  3 adders (D:2)
  A shadow imp (D:5)
  An ooze (D:4)
  An adder skeleton (D:3)
  2 worms
  3 dart slugs
  3 leopard geckos (D:5)
  11 orcs
  2 ball pythons
  7 giant cockroaches
  6 goblins
  10 hobgoblins
  8 jackals
  5 quokkas
  4 bats
  2 frilled lizards
  10 kobolds
  6 rats
109 creatures vanquished.

Vanquished Creatures (others)
  A shadow imp (D:5)
  An adder skeleton (D:4)
2 creatures vanquished.

Grand Total: 111 creatures vanquished

Notes
Turn   | Place    | Note
-------+----------+-------------------------------------------
     0 | D:1      | Gildeon the Minotaur Fighter began the quest for the Orb.
     0 | D:1      | Reached XP level 1. HP: 19/19 MP: 0/0
   185 | D:1      | Reached XP level 2. HP: 27/27 MP: 1/1
   206 | D:1      | Reached skill level 3 in Axes
   467 | D:1      | Reached skill level 1 in Dodging
   810 | D:2      | Reached XP level 3. HP: 27/33 MP: 2/2
  1567 | D:3      | Reached XP level 4. HP: 40/40 MP: 3/3
  1587 | D:3      | Reached skill level 4 in Axes
  1744 | D:3      | Found a hazy altar of Hepliaklqana.
  1772 | D:3      | Reached XP level 5. HP: 24/47 MP: 4/4
  2392 | D:3      | Found an iron altar of Okawaru.
  2392 | D:3      | Found a burning altar of Makhleb.
  2432 | D:4      | Found a white marble altar of Elyvilon.
  2451 | D:4      | Noticed Menkaure
  2463 | D:4      | Killed Menkaure
  2463 | D:4      | Reached skill level 5 in Fighting
  2463 | D:4      | Reached skill level 5 in Axes
  2463 | D:4      | Reached XP level 6. HP: 52/56 MP: 5/5
  2659 | D:4      | Reached skill level 5 in Armour
  2678 | D:4      | Found a runed door.
  2792 | D:4      | Noticed Crazy Yiuf
  2796 | D:4      | Killed Crazy Yiuf
  2796 | D:4      | Reached skill level 6 in Axes
  2954 | D:4      | Found a shadowy altar of Dithmenos.
  3266 | D:4      | Found a hide-covered altar of Uskayaw.
  3310 | D:4      | Reached XP level 7. HP: 61/61 MP: 6/6
  3480 | D:5      | Entered Level 5 of the Dungeon
  3706 | D:5      | Found a bloodstained altar of Trog.
  3714 | D:5      | Became a worshipper of Trog the Wrathful
  3742 | D:5      | Reached skill level 7 in Axes
  3857 | D:5      | Reached skill level 1 in Evocations
  3873 | D:5      | Found a staircase to the Ecumenical Temple.
  4079 | D:5      | Found a glowing drain.
  4101 | Sewer    | Entered a sewer
  4387 | D:6      | Reached skill level 8 in Axes
  4397 | D:6      | Slain by an orc warrior

Vault maps used:
D:1:      dpeg_arrival_windows_large_door
D:2:      first_ration
D:3:      lemuel_crystal_altar, gammafunk_temple_overflow_wave
D:4:      elyvilon_altar_4, lemuel_coloured_pillars_altar,
          grunt_dithmenos_smoke_and_mirrors, uniq_menkaure,
          uniq_crazy_yiuf_cottage
D:5:      minmay_temple_entry_large_hall, gup_sewer_entry_pipe,
          trog_three_pillars_becter
D:6:      kennysheep_mini_moat, nicolae_overflow_crystal_walls,
          grunt_ministairs_6, grunt_qazlal_sundering
Sewer:    sewer_the_crocodile

Skill      XL: |  1  2  3  4  5  6  7 |
---------------+----------------------+-----
Axes           | 3 4 5 6 8 |  8.0
Dodging        | 1 2 3 4 |  4.6
Fighting       | 4 5 |  5.0
Armour         | 4 5 |  5.0
Evocations     | 1 |  1.8
Shields        | |  3.6

Action                   |  1- 3 |  4- 6 |  7- 9 || total
-------------------------+-------+-------+-------++-------
Melee: War axe           |    70 |   115 |   125 ||   310
       Headbutt          |    15 |    16 |     7 ||    38
  Use: Scroll            |     1 |     5 |     4 ||    10
       Potion            |       |     3 |       ||     3
  Eat: Chunk             |     2 |     6 |     3 ||    11
Armor: Scale mail        |    36 |    29 |       ||    65
       Chain mail        |       |    23 |   119 ||   142
Dodge: Dodged            |    41 |    58 |    77 ||   176

Table legend:
 A = Non-vault XP
 B = Vault XP
 C = Vault XP percentage of total XP
 D = Non-vault monster count
 E = Vault monster count
 F = Vault count percentage of total count
                 A         B        C        D         E       F
            +---------+---------+-------+---------+---------+-------
      Total |    1010 |     388 |  27.8 |      94 |      16 |  14.5
            +---------+---------+-------+---------+---------+-------
        D:1 |      33 |       0 |   0.0 |      18 |       0 |   0.0
        D:2 |      56 |       0 |   0.0 |      11 |       0 |   0.0
        D:3 |     214 |       0 |   0.0 |      33 |       0 |   0.0
        D:4 |     252 |     214 |  45.9 |      16 |       2 |  11.1
        D:5 |     418 |      17 |   3.9 |      14 |       7 |  33.3
        D:6 |      37 |      39 |  51.3 |       2 |       1 |  33.3
      Sewer |       0 |     118 | 100.0 |       0 |       6 | 100.0
            +---------+---------+-------+---------+---------+-------
